 Dungeon Crawl Stone Soup version 0.22-a0-348-gd16d139 (webtiles) character file.

2216 Amnesiac the Thaumaturge (level 9, -6/39 HPs)
             Began as a Spriggan Wizard on Apr 11, 2018.
             Was an Elder of Sif Muna.
             Killed by the air
             ... invoked by Gastronok
              (18 damage)
             ... on level 8 of the Dungeon on Apr 12, 2018.
             The game lasted 00:18:44 (7942 turns).

Amnesiac the Thaumaturge (Spriggan Wizard)          Turns: 7942, Time: 00:18:44

Health: -6/39      AC:  4    Str:  3      XL:     9   Next: 13%
Magic:  0/27       EV: 21    Int: 22      God:    Sif Muna [****..]
Gold:   471        SH:  0    Dex: 16 (18) Spells: 22/35 levels left

rFire    + . .     SeeInvis +   a - +0 hunting sling
rCold    . . .     Gourm    .   (shield restricted)
rNeg     . . .     Faith    .   E - +1 robe {rF+}
rPois    .         Spirit   +   v - +0 hat
rElec    .         Reflect  .   F - scarf {Spirit}
rCorr    .         Harm     .   (gloves unavailable)
MR       +....                  (boots unavailable)
Stlth    ++........             (no amulet)
HPRegen  0.13/turn              J - +3 ring of dexterity
MPRegen  0.20/turn              z - +1 ring of protection

@: no casting, very quick
A: very small, unfitting armour, see invisible, herbivore, speed 3, slow
metabolism 2
a: Stop Divine Energy, Channel Magic, Forget Spell, Renounce Religion


You were on level 8 of the Dungeon.
You worshipped Sif Muna.
Sif Muna was greatly pleased with you.
You were not hungry.

You visited 1 branch of the dungeon, and saw 8 of its levels.

You collected 471 gold pieces.

Inventory:

Hand Weapons
 a - a +0 hunting sling (weapon)
 b - a +0 blowgun
 u - a +2 dagger of distortion
Missiles
 j - 42 poisoned needles
 m - 178 stones
 r - 37 sling bullets (quivered)
 I - 8 curare-tipped needles
Armour
 o - a +2 cloak
 v - a +0 hat (worn)
 y - a scarf of repulsion
 E - a +1 robe of fire resistance (worn)
 F - a scarf of spirit shield (worn)
Magical Staves
 K - a cursed staff of cold {unknown}
Jewellery
 z - a +1 ring of protection (right hand)
 J - a +3 ring of dexterity (left hand)
 M - an uncursed ring of stealth {unknown}
Wands
 n - a wand of acid (7)
 w - a wand of flame (47)
 B - a wand of random effects (29)
 H - a wand of disintegration (9)
 N - a wand of clouds (6)
Scrolls
 f - a scroll of enchant weapon {!r, unknown}
 l - 2 scrolls of enchant armour {!r, unknown}
 s - 2 scrolls of fear {!r}
 t - 5 scrolls of identify {!r}
 D - 2 scrolls of blinking {!r, unknown}
 G - 2 scrolls of remove curse {!r}
 L - 2 scrolls of holy word {!r, unknown}
 O - a scroll of vulnerability {!r, unknown}
Potions
 c - 3 potions of might {!q}
 e - 2 potions of curing {!q}
 g - 3 potions of flight {!q}
 h - a potion of haste {!q}
 i - a potion of brilliance {!q}
 k - a potion of ambrosia {!q, unknown}
 p - a potion of magic {!q, unknown}
 q - a potion of heal wounds {!q}
 x - a potion of agility {!q}
 A - a potion of mutation {!q, unknown}
 C - a potion of degeneration {!q, unknown}
Comestibles
 d - 17 rations


   Skills:
 - Level 6.0 Dodging
 - Level 3.0 Stealth
 * Level 13.7 Spellcasting
 - Level 1.0 Conjurations
 - Level 0.7 Summonings
 - Level 1.5 Translocations


You had 22 spell levels left.
You knew the following spells:

 Your Spells              Type           Power        Failure   Level  Hunger
a - Poisonous Vapours     Pois/Air       ###...       6%          2    None
b - Call Imp              Summ           ###.....     4%          2    None
d - Magic Dart            Conj           ###.         2%          1    None
e - Mephitic Cloud        Conj/Pois/Air  ###.....     11%         3    None
s - Conjure Flame         Conj/Fire      ###.....     10%         3    None
v - Blink                 Tloc           N/A          3%          2    None


Dungeon Overview and Level Annotations

Branches:
Dungeon (8/15)             Temple (0/1) D:5
   Lair: D:8-11

Altars:
Fedhas
Makhleb
Sif Muna

Shops:
D:5 [

Annotations:
D:8 Gastronok


Innate Abilities, Weirdness & Mutations

You are very small and have problems with some larger weapons.
You are too small for most types of armour.
You have supernaturally acute eyesight. (SInv)
You are a herbivore.
You cover ground extremely quickly.
You need to consume almost no food.


Message History

Press: ? - help, Dir - move target cursor, f/p - Gastronok
Aim: Gastronok, wearing a hat (heavily wounded) Poisonous vapours surround Gastronok!
Casting: Poisonous Vapours (safe; 6% risk of failure)
Confirm with . or Enter, or press ? or * to list all spells.
Aiming: Poisonous Vapours (safe; 6% risk of failure)
Press: ? - help, Dir - move target cursor, f/p - Gastronok
Aim: Gastronok, wearing a hat (heavily wounded) Poisonous vapours surround Gastronok!
Sif Muna grants you divine energy.
You briefly lose access to your magic!
Gastronok is engulfed in poison gas.
Gastronok is poisoned.
Gastronok waves his eye-stalks in wide circles.
The air twists around and strikes you!
Ouch! That really hurt!
* * * LOW HITPOINT WARNING * * *
You regain access to your magic.
Casting: Poisonous Vapours (safe; 6% risk of failure)
Confirm with . or Enter, or press ? or * to list all spells.
Aiming: Poisonous Vapours (safe; 6% risk of failure)
Press: ? - help, Dir - move target cursor, f/p - Gastronok
Aim: Gastronok, wearing a hat (heavily wounded) Poisonous vapours surround Gastronok!
Sif Muna grants you divine energy.
You briefly lose access to your magic!
You regain access to your magic.
Casting: Poisonous Vapours (safe; 6% risk of failure)
Confirm with . or Enter, or press ? or * to list all spells.
Aiming: Poisonous Vapours (safe; 6% risk of failure)
Press: ? - help, Dir - move target cursor, f/p - Gastronok
Aim: Gastronok, wearing a hat (heavily wounded) Poisonous vapours surround Gastronok!
Sif Muna grants you divine energy.
You briefly lose access to your magic!
You regain access to your magic.
Casting: Poisonous Vapours (safe; 6% risk of failure)
Confirm with . or Enter, or press ? or * to list all spells.
Aiming: Poisonous Vapours (safe; 6% risk of failure)
Press: ? - help, Dir - move target cursor, f/p - Gastronok
Aim: Gastronok, wearing a hat (heavily wounded) Poisonous vapours surround Gastronok!
Sif Muna grants you divine energy.
You briefly lose access to your magic!
You start resting.
You regain access to your magic.
You start resting.
Casting: Poisonous Vapours (safe; 6% risk of failure)
Confirm with . or Enter, or press ? or * to list all spells.
Aiming: Poisonous Vapours (safe; 6% risk of failure)
Press: ? - help, Dir - move target cursor, f/p - Gastronok
Aim: Gastronok, wearing a hat (heavily wounded) Poisonous vapours surround Gastronok!
Casting: Poisonous Vapours (safe; 6% risk of failure)
Confirm with . or Enter, or press ? or * to list all spells.
Aiming: Poisonous Vapours (safe; 6% risk of failure)
Press: ? - help, Dir - move target cursor, f/p - Gastronok
Aim: Gastronok, wearing a hat (heavily wounded) Poisonous vapours surround Gastronok!
Sif Muna grants you divine energy.
You briefly lose access to your magic!
Gastronok is engulfed in poison gas.
Gastronok is poisoned.
Gastronok waves his eye-stalks in wide circles.
The air twists around and strikes you!
You die...

#.......# #.# ..# #..
<.......# #.# ..# #.#
........# #.####.# #.#
..[.....# #......# #.#
........####..###.# #.#
..................# #.#
..##########..##.>#######.#
..# ##..##..........# ...
##...##@#######.## ...
.....(.....# #.# ..
###...##.##w# #.#
######.##.# #.#
#######.##.## #.#
.###...........###.#
...................#
###.##.#.####.##### #.#.#
#.#


You could see Gastronok.

Vanquished Creatures
  A deep elf mage (D:6)
  The ghost of Fingolfin the Covert, a novice OpFi of Fedhas (D:5)
  Sigmund (D:2)
  A water moccasin (D:7)
  An orc warrior (D:7)
  A phantom (D:4)
  A centaur (D:7)
  Blork the orc (D:5)
  A scorpion (D:6)
  3 jellies
  An electric eel (D:7)
  A howler monkey (D:4)
  2 crimson imps
  A quasit (D:7)
  An orc priest (D:2)
  A bullfrog skeleton (D:6)
  3 hounds
  Crazy Yiuf (D:2)
  An orc wizard (D:5)
  A gnoll shaman (D:6)
  An iguana (D:6)
  Natasha (thrice) (D:3)
  A worker ant (D:5)
  A worker ant zombie (D:5)
  4 gnolls (D:6)
  9 adders
  A shadow imp (D:6)
  An ooze (D:2)
  An adder skeleton (D:7)
  2 worms
  A dart slug (D:3)
  4 leopard geckos
  11 orcs
  9 bats
  4 giant cockroaches
  6 goblins
  12 hobgoblins
  2 jackals (D:6)
  6 quokkas
  3 ball pythons (D:1)
  5 frilled lizards
  A jackal zombie (D:6)
  6 kobolds
  2 quokka skeletons (D:4)
  A quokka zombie (D:5)
  4 rats
126 creatures vanquished.

Vanquished Creatures (collateral kills)
  A crimson imp (D:2)
  A worm (D:2)
  A goblin (D:2)
  A rat (D:2)
4 creatures vanquished.

Grand Total: 130 creatures vanquished

Notes
Turn   | Place    | Note
-------+----------+-------------------------------------------
     0 | D:1      | Amnesiac the Spriggan Wizard began the quest for the Orb.
     0 | D:1      | Reached XP level 1. HP: 9/9 MP: 6/6
    42 | D:2      | Noticed Sigmund
    44 | D:2      | Noticed an orc priest
   263 | D:4      | Reached skill level 1 in Conjurations
   327 | D:4      | Noticed a howler monkey
   328 | D:4      | Noticed a phantom
   404 | D:4      | Reached XP level 2. HP: 13/13 MP: 2/8
   409 | D:4      | Learned a level 2 spell: Blink
   450 | D:4      | Learned a level 2 spell: Call Imp
   534 | D:5      | Entered Level 5 of the Dungeon
   636 | D:5      | Reached XP level 3. HP: 16/16 MP: 3/9
   641 | D:5      | Learned a level 3 spell: Mephitic Cloud
   696 | D:5      | Noticed Blork the orc
   969 | D:6      | Found a blossoming altar of Fedhas.
   992 | D:6      | Found a burning altar of Makhleb.
   993 | D:6      | Noticed a scorpion
  1040 | D:6      | Reached skill level 5 in Dodging
  1213 | D:5      | Found Woosmofick's Armour Boutique.
  1249 | D:5      | Noticed Fingolfin's ghost (novice OpFi)
  1257 | D:5      | Found a deep blue altar of Sif Muna.
  1265 | D:5      | Became a worshipper of Sif Muna the Loreminder
  1268 | D:5      | Reached XP level 4. HP: 9/21 MP: 6/11
  1303 | D:5      | Learned a level 3 spell: Conjure Flame
  1456 | D:2      | Reached skill level 5 in Spellcasting
  1467 | D:2      | Found a runed door.
  1546 | D:2      | Noticed Crazy Yiuf
  1571 | D:2      | Killed Crazy Yiuf
  1703 | D:2      | Reached XP level 5. HP: 20/24 MP: 1/14
  1858 | D:2      | Killed Sigmund
  1858 | D:2      | Reached skill level 7 in Spellcasting
  1858 | D:2      | Reached XP level 6. HP: 26/28 MP: 5/17
  2023 | D:1      | Reached * piety under Sif Muna
  3158 | D:3      | Noticed Natasha
  3193 | D:3      | Killed Natasha
  3193 | D:3      | Reached skill level 8 in Spellcasting
  3747 | D:3      | Noticed Natasha
  3758 | D:3      | Killed Natasha
  4009 | D:3      | Noticed Natasha
  4017 | D:3      | Killed Natasha
  4182 | D:4      | Found a deep blue altar of Sif Muna.
  4197 | D:4      | Reached ** piety under Sif Muna
  4197 | D:4      | Reached XP level 7. HP: 32/32 MP: 20/20
  4271 | D:4      | Reached skill level 9 in Spellcasting
  4726 | D:5      | Killed Fingolfin's ghost
  4726 | D:5      | Reached skill level 10 in Spellcasting
  4726 | D:5      | Reached XP level 8. HP: 28/36 MP: 15/23
  5043 | D:5      | Killed Blork the orc
  5043 | D:5      | Reached skill level 11 in Spellcasting
  5181 | D:5      | Found a staircase to the Ecumenical Temple.
  5613 | D:6      | You fall through a shaft for 2 floors!
  5648 | D:8      | Noticed Gastronok
  6452 | D:6      | Noticed a deep elf mage
  6467 | D:6      | Killed a deep elf mage
  6467 | D:6      | Reached *** piety under Sif Muna
  6467 | D:6      | Reached skill level 12 in Spellcasting
  6489 | D:6      | Learned a level 2 spell: Poisonous Vapours
  6618 | D:7      | Reached skill level 13 in Spellcasting
  6690 | D:7      | Reached XP level 9. HP: 39/39 MP: 14/27
  7029 | D:7      | Reached **** piety under Sif Muna
  7942 | D:8      | Killed from afar by Gastronok

Vault maps used:
D:1:      dpeg_arrival_arbitrary_c
D:2:      kennysheep_generic_room_5, uniq_crazy_yiuf_cottage, uniq_sigmund
D:3:      first_ration, guppyfry_early_orc_mine, uniq_natasha
D:4:      kennysheep_little_box
D:5:      minmay_temple_entry_nine_rooms, serial_shops, shop,
          hangedman_decor_slide_cut, tgw_sif, uniq_blork_the_orc
D:6:      fedhas_altar_2, nicolae_overflow_crystal_walls, st_stairs_6,
          guppyfry_early_elven_hall
D:7:      minivault_14
D:8:      minitemple, grunt_livestock, grunt_ministairs_14, uniq_gastronok

Skill      XL: |  1  2  3  4  5  6  7  8 |
---------------+-------------------------+-----
Conjurations   | 1 |  1.0
Dodging        | 4 5 6 |  6.0
Spellcasting   | 5 7 8 10 13 | 13.7
Stealth        | |  3.0
Summonings     | |  0.7
Translocations | |  1.5

Action                   |  1- 3 |  4- 6 |  7- 9 || total
-------------------------+-------+-------+-------++-------
Melee: Unarmed           |    11 |       |       ||    11
       Mace              |       |    93 |       ||    93
 Fire: Hunting sling     |       |    70 |   225 ||   295
 Cast: Magic Dart        |    38 |    67 |   100 ||   205
       Call Imp          |     3 |     3 |       ||     6
       Mephitic Cloud    |     3 |     9 |     9 ||    21
       Conjure Flame     |       |     1 |     4 ||     5
       Poisonous Vapours |       |       |    43 ||    43
Invok: Divine Energy     |       |     1 |       ||     1
Evoke: Wand              |       |       |     3 ||     3
  Use: Scroll            |     5 |     4 |     2 ||    11
       Potion            |     3 |       |       ||     3
 Stab: Confused          |     2 |     2 |       ||     4
       Distracted        |       |     1 |       ||     1
       Sleeping          |       |     5 |       ||     5
  Eat: Ration            |       |     2 |       ||     2
Armor: Robe              |     8 |     9 |    25 ||    42
Dodge: Dodged            |    49 |   115 |   203 ||   367

Table legend:
 A = Spawn XP
 B = Non-spawn XP
 C = Spawn XP percentage of total XP
 D = Spawn monster count
 E = Non-spawn monster count
 F = Spawn count percentage of total count
 G = Total turns spent on level
                    A         B        C        D         E        F      G
               +---------+---------+-------+---------+---------+-------+---------
         Total |       0 |    3167 |   0.0 |       0 |     130 |   0.0 |  7942
               +---------+---------+-------+---------+---------+-------+---------
           D:1 |       0 |      34 |   0.0 |       0 |      20 |   0.0 |   861
           D:2 |       0 |     386 |   0.0 |       0 |      29 |   0.0 |  1098
           D:3 |       0 |     148 |   0.0 |       0 |      22 |   0.0 |  1162
           D:4 |       0 |     246 |   0.0 |       0 |      12 |   0.0 |   645
           D:5 |       0 |     713 |   0.0 |       0 |      14 |   0.0 |  1583
           D:6 |       0 |     891 |   0.0 |       0 |      15 |   0.0 |  1179
           D:7 |       0 |     701 |   0.0 |       0 |      17 |   0.0 |  1130
           D:8 |       0 |      48 |   0.0 |       0 |       1 |   0.0 |   284
               +---------+---------+-------+---------+---------+-------+---------
